monkhack, neutral male human Monk ------ |....| ------- |....| #....{.|`######.....| #|....^.# |..... -------# -+---- -.--- # |...| # ##.'..| # # |@..+ # ### --+-- # # --------.- # # |.........%#### ## |........| ### -----## |........+#######|...|# |........| ##.....# |........| #|.<.| ---------- ----- monkhack the Initiate Experience level: 9 Strength: 25 Dexterity: 15 Constitution: 15 Intelligence: 8 Wisdom: 13 Charisma: 10 Health: 0(55) Energy: 59(59) Def: 7 Gold: 0 Moves: 8094 Dungeon seed: ZWVfHfo_Zj5o7tH1 Game ID: monkhack_1459168421 Your Inventory: Weapons s - 8 uncursed +0 daggers t - an uncursed +0 orcish dagger I - 165 uncursed +0 darts (in quiver) P - a cursed -1 dart Armor e - an uncursed +0 dwarvish cloak n - an uncursed +1 robe (being worn) y - an uncursed corroded +0 pair of iron shoes (being worn) N - a blessed rusty +1 pair of gauntlets of power (being worn) Y - a blessed +0 dwarvish iron helm (being worn) Comestibles d - 4 uncursed food rations f - 6 uncursed apples g - 7 uncursed oranges h - 7 uncursed fortune cookies q - 2 uncursed sprigs of wolfsbane O - 5 uncursed tripe rations X - 2 uncursed lizard corpses Z - 4 uncursed eggs Scrolls o - a cursed scroll of light u - a blessed scroll of enchant armor E - an uncursed scroll of blank paper F - a cursed scroll of fire J - an uncursed scroll of remove curse V - an uncursed scroll of enchant weapon Potions G - an uncursed potion of full healing K - an uncursed potion of sickness L - an uncursed potion of healing M - an uncursed potion of gain energy Q - an uncursed potion of levitation W - an uncursed potion of monster detection Rings R - an uncursed ring of cold resistance Wands c - an uncursed wand of speed monster (0:3) i - an uncursed wand of enlightenment (0:3) m - an uncursed wand of secret door detection (0:9) H - an uncursed wand of polymorph (0:2) S - an uncursed wand of light (0:13) Tools b - an uncursed magic whistle j - an uncursed magic marker (0:34) k - an uncursed skeleton key l - an uncursed stethoscope v - an uncursed skeleton key B - an uncursed +0 pick-axe T - an uncursed towel U - an uncursed magic marker (0:57) Gems r - an uncursed worthless piece of orange glass Spells and supernatural/magical abilities: Name Level Category Fail Memory z - sleep 1 enchantment 15% 60% W - pray for help -- divine ? -- Your skills at the end: Miscellaneous Skills martial arts [Basic] wands [Basic] Weapon Skills Spellcasting Skills healing spells [Basic] Final Attributes: You were devoutly aligned. You were sleep resistant. You were poison resistant. You saw invisible. You were warned. You had automatic searching. You were stealthy. You were fast. You are dead. Vanquished creatures: a ghost a winter wolf a small mimic a sasquatch a giant beetle 5 wolves 2 winter wolf cubs a leprechaun a quivering blob 2 lizards a giant spider a scorpion a dwarf mummy a gold golem a werewolf a dog 2 dingos a jaguar a dwarf lord 2 blue jellies a raven a plains centaur a gnome mummy a snake an ape a Woodland-elf 4 soldier ants 5 bugbears an imp an orc shaman a rock mole 2 rock piercers a fog cloud a shrieker a violet fungus 8 gnome lords a gnomish wizard a kobold mummy 3 gray oozes an elf zombie a paper golem 8 giant ants a floating eye 2 kittens 11 dwarves 3 homunculi 2 kobold lords a kobold shaman 8 iguanas 12 hill orcs 5 rothes 5 giant bats a monkey an orc zombie 4 dwarf zombies 11 killer bees 4 coyotes 4 hobbits 2 acid blobs 2 large kobolds 2 geckos 5 hobgoblins 6 giant rats 6 cave spiders a brown mold 2 yellow molds 2 green molds a red mold 38 gnomes 2 garter snakes 8 jackals 2 foxes 2 kobolds 6 newts 4 goblins 4 sewer rats 7 grid bugs 3 bats 8 lichens a kobold zombie 263 creatures vanquished. Voluntary challenges: You were vegetarian. You had followed a strict vegan diet until turn 6976. You did not adorn yourself with jewelry or accessories. You never hit with a wielded weapon. You did not apply a unicorn horn. You read items or engraved 6 times, starting on turn 5577. You never genocided any monsters. You polymorphed 2 items, starting on turn 8094. You never changed form. You used no wishes. You never split a pudding. You wrote Elbereth's name 5 times, starting on turn 5577. You never violated your personal moral code. Dungeon overview: The Dungeons of Doom: levels 1 to 11 Level 1 an altar to Chih Sung-tzu, a fountain a long staircase Level 2 stairs to The Gnomish Mines Level 3 a fountain Level 4 a general store, a fountain Level 5 a fountain Level 6 many fountains Level 7 a fountain stairs to Sokoban Level 8 Level 9 Level 10 a fountain, a throne Level 11 <- You were here a fountain The Gnomish Mines: levels 3 to 7 Level 3 stairs to The Dungeons of Doom Level 4 Level 5 many shops, a temple to Chih Sung-tzu, a magic chest, some fountains, some trees Level 6 Level 7 Sokoban: levels 4 to 6 Level 4 Level 5 Level 6 a magic chest stairs to The Dungeons of Doom History has recorded: On T:1 you entered the Dungeons of Doom to retrieve the Amulet of Yendor! On T:179 you reached level 2 of The Dungeons of Doom. On T:262 you reached level 3 of The Dungeons of Doom. On T:285 you advanced to experience level 2. On T:346 you reached level 1 of The Gnomish Mines. On T:368 you advanced to experience level 3. On T:382 you advanced to experience level 4. On T:479 you reached level 2 of The Gnomish Mines. On T:945 you advanced to experience level 5. On T:1634 you reached level 4 of The Dungeons of Doom. On T:1757 you reached level 5 of The Dungeons of Doom. On T:1961 you reached level 6 of The Dungeons of Doom. On T:2578 you advanced to experience level 6. On T:2633 you reached level 3 of The Gnomish Mines. On T:2794 you entered the Minetown temple On T:2809 you opened a magic chest. On T:2810 you opened a magic chest. On T:2811 you opened a magic chest. On T:2811 you opened a magic chest. On T:2827 you opened a magic chest. On T:2920 you opened a magic chest. On T:2937 you opened a magic chest. On T:2937 you opened a magic chest. On T:2989 you reached level 4 of The Gnomish Mines. On T:3124 you reached level 5 of The Gnomish Mines. On T:3181 you advanced to experience level 7. On T:3347 you opened a magic chest. On T:4342 you reached level 7 of The Dungeons of Doom. On T:4719 you reached level 4 of Sokoban. On T:4745 you opened a magic chest. On T:4931 you reached level 3 of Sokoban. On T:6009 you advanced to experience level 8. On T:6060 you reached level 2 of Sokoban. On T:6743 you reached level 8 of The Dungeons of Doom. On T:6757 you reached level 9 of The Dungeons of Doom. On T:6941 you opened a magic chest. On T:7462 you reached level 10 of The Dungeons of Doom. On T:7538 you reached level 11 of The Dungeons of Doom. On T:7899 you advanced to experience level 9. Score breakdown: Gold: 0 ( 0 points) Experience: 9 levels ( 800 points) Exploration: 11 levels ( 300 points) Discoveries: 12 items ( 600 points) Variety of kills: 80 monsters ( 2000 points) Major goal: reached Minetown ( 500 points) Survival: died (score multiplied by 3) Total score: 12600 Latest messages: You put a cyan potion into the magic chest. You put a moonstone ring into the magic chest. You put a brass ring into the magic chest. You put a whistle into the magic chest. You put a red gem into the magic chest. Something is written here in the dust. You read: "E!bereth". You see here a figurine of a giant rat {50}. The ice around the flesh golem turns to glass and crumbles from around her. The flesh golem claws you! (2x) You die... Final status: Goodbye monkhack the Monk, killed by a flesh golem... You died in The Dungeons of Doom on dungeon level 11 with 12600 points, and 0 pieces of gold, after 8094 moves. You were level 9 with a maximum of 55 hit points when you died.